 Dungeon Crawl Stone Soup version 0.23.0 (webtiles) character file.

Game seed: 7084869261927178816

583 elfaar the Grave Robber (level 7, 0/55 HPs)
             Began as a Ghoul Necromancer on Feb 15, 2019.
             Slain by a bullfrog zombie (6 damage)
             ... on level 4 of the Dungeon.
             The game lasted 01:17:11 (3946 turns).

elfaar the Grave Robber (Ghoul Necromancer)         Turns: 3946, Time: 01:17:12

Health: 0/55       AC:  4    Str: 12    XL:     7   Next: 37%
Magic:  11/11      EV: 12    Int: 12    God:
Gold:   177        SH:  0    Dex:  9    Spells: 4/13 levels left

rFire    . . .     SeeInvis .   (no weapon)
rCold    + . .     Gourm    .   (no shield)
rNeg     + + +     Faith    .   p - +2 robe {rN+}
rPois    ∞         Spirit   .   b - +0 hat
rElec    .         Reflect  .   (no cloak)
rCorr    .         Harm     .   (no gloves)
MR       .....                  (no boots)
Stlth    +++.......             (no amulet)
HPRegen  0.00/turn              i - ring of positive energy
MPRegen  0.12/turn              n - ring of stealth

@: rotting
A: rotting body, claws 1, carnivore, cold resistance 1, negative energy
resistance 3, inhibited regeneration, torment resistance, unbreathing
a: no special abilities


You were on level 4 of the Dungeon.
You were not hungry.

You visited 1 branch of the dungeon, and saw 5 of its levels.

You collected 177 gold pieces.

Inventory:

Hand Weapons
 s - a +0 hunting sling
 t - a +2 hunting sling of velocity
 v - a +0 club
Missiles
 u - 38 sling bullets
Armour
 a - a +1 robe
 b - a +0 hat (worn)
 l - a cursed +0 robe
 p - a +2 robe of positive energy (worn)
Magical Staves
 q - an uncursed staff of earth
Jewellery
 i - a ring of positive energy (left claw)
 n - a ring of stealth (right claw)
Wands
 o - a wand of random effects (13)
Scrolls
 j - a scroll of teleportation
 k - 2 scrolls of enchant weapon
 r - a scroll of identify
 y - a scroll of remove curse
Potions
 d - 2 potions of resistance {unknown}
 e - 2 potions of curing
 f - a potion of flight {unknown}
 g - a potion of cancellation {unknown}
 h - a potion of ambrosia {unknown}
 w - a potion of lignification {unknown}
Comestibles
 c - 7 rations


   Skills:
 + Level 2.0 Fighting
 + Level 1.1 Staves
 + Level 2.4 Dodging
 + Level 3.1 Stealth
 + Level 0.2 Unarmed Combat
 + Level 3.9 Spellcasting
 + Level 6.4 Necromancy


You had 4 spell levels left.
You knew the following spells:

 Your Spells              Type           Power        Failure   Level  Hunger
a - Pain                  Necr           ###.         1%          1    #......
b - Animate Skeleton      Necr           N/A          1%          1    #......
c - Vampiric Draining     Necr           ###.......   4%          3    ###....
d - Animate Dead          Necr           N/A          16%         4    #####..

Your spell library contained the following spells:

 Spells                   Type           Power        Failure   Level  Hunger
 Regeneration             Chrm/Necr      ##........   19%         3    ###....
 Magic Dart               Conj           #...         22%         1    #......
 Blink                    Tloc           N/A          34%         2    ##.....
 Call Imp                 Summ           #.......     34%         2    ##.....
 Slow                     Hex            #.......     34%         2    ##.....
 Sticks to Snakes         Tmut           #.......     34%         2    ##.....
 Conjure Flame            Conj/Fire      #.......     56%         3    ###....
 Mephitic Cloud           Conj/Pois/Air  #.......     56%         3    ###....
 Beastly Appendage        Tmut           Unusable     N/A         1    N/A
 Spider Form              Tmut/Pois      Unusable     N/A         3    N/A
 Ice Form                 Ice/Tmut       Unusable     N/A         4    N/A
 Blade Hands              Tmut           Unusable     N/A         5    N/A

Dungeon Overview and Level Annotations

Branches:
Dungeon (5/15)
 Temple: D:4-7

Altars:

Shops:
D:4 *


Innate Abilities, Weirdness & Mutations

Your body is rotting away.
You thrive on raw meat.
You are immune to poison.
You have sharp fingernails.
You are carnivorous and can eat meat at any time.
Your flesh is cold resistant. (rC+)
You are immune to negative energy. (rN+++)
You do not regenerate when monsters are visible.
You are immune to unholy pain and torment.
You can survive without breathing.


Message History

Press: ? - help, Shift-Dir - straight line, f - bullfrog zombie
Aim: a bullfrog zombie (almost destroyed)
You can't drain life from that!
Casting: Vampiric Draining (safe; 4% risk of failure)
Confirm with . or Enter, or press ? or * to list all spells.
Aiming: Vampiric Draining (safe; 4% risk of failure)
Press: ? - help, Shift-Dir - straight line, f/p - bullfrog zombie
Aim: a bullfrog zombie (almost destroyed)
You can't drain life from that!
You closely miss the bullfrog zombie.
The bullfrog zombie is almost destroyed.
The bullfrog zombie closely misses you.
You scratch the bullfrog zombie.
The bullfrog zombie is almost destroyed.
The bullfrog zombie hits you.
* * * LOW HITPOINT WARNING * * *
The bullfrog zombie hits you.
* * * LOW HITPOINT WARNING * * *
The bullfrog zombie hits you.
You die...

......8#......<........#.........
.....###......#........#.##.#....
....###.......#........# #.#>...
.#8####.......##.#.###.# #......
.###..........##.#... .# ####...
.....#####.#####.##### #...
###### #.# #.# ###. #.# #Z# #.
#(# #@# #. #.# #.....# #. #.#
#.###.# #. #.# #.# #.
#.#####.##### #. #...........# #.
#######.###.# #. #.###.# ##.
#.....# #..


You could see a bullfrog zombie.

Vanquished Creatures
  Pikel (D:4)
  2 howler monkeys
  An iguana (D:4)
  3 adders
  A worm (D:3)
  A dart slug (D:3)
  2 leopard geckos
  An orc (D:3)
  A giant cockroach (D:1)
  15 goblins
  9 hobgoblins
  2 ball pythons (D:4)
  4 bats
  2 frilled lizards
  10 kobolds
  5 rats
60 creatures vanquished.

Vanquished Creatures (collateral kills)
  A scorpion (D:4)
  Jessica (D:2)
  An orc wizard (D:3)
  Robin (D:3)
  A leopard gecko (D:1)
  3 orcs (D:3)
  A giant cockroach (D:1)
  2 hobgoblins
  2 ball pythons (D:1)
  A bat (D:2)
  A frilled lizard (D:3)
  3 goblins
  A jackal skeleton (D:4)
  A plant (D:2)
20 creatures vanquished.

Grand Total: 80 creatures vanquished

Notes
Turn   | Place    | Note
-------+----------+-------------------------------------------
     0 | D:1      | elfaar the Ghoul Necromancer began the quest for the Orb.
     0 | D:1      | Reached XP level 1. HP: 14/14 MP: 2/2
     6 | D:1      | Learned a level 1 spell: Animate Skeleton
   111 | D:1      | Reached XP level 2. HP: 8/20 MP: 1/3
   884 | D:2      | Reached XP level 3. HP: 26/26 MP: 1/5
   966 | D:2      | Learned a level 3 spell: Vampiric Draining
  1573 | D:2      | Noticed Jessica
  1594 | D:2      | Killed Jessica
  1712 | D:3      | Reached XP level 4. HP: 31/33 MP: 1/6
  1916 | D:3      | Reached skill level 5 in Necromancy
  2061 | D:3      | Noticed Robin
  2193 | D:3      | Killed Robin
  2331 | D:3      | Reached XP level 5. HP: 38/38 MP: 3/7
  2869 | D:4      | Found Ojish's Assorted Antiques.
  2869 | D:4      | Noticed a slave
  2869 | D:4      | Noticed a slave
  2869 | D:4      | Noticed a slave
  2870 | D:4      | Noticed Pikel
  3085 | D:4      | Reached skill level 1 in Fighting
  3085 | D:4      | Reached XP level 6. HP: 16/47 MP: 1/9
  3091 | D:4      | Learned a level 4 spell: Animate Dead
  3184 | D:5      | Entered Level 5 of the Dungeon
  3612 | D:4      | Killed Pikel
  3612 | D:4      | Reached skill level 1 in Staves
  3612 | D:4      | Reached skill level 6 in Necromancy
  3612 | D:4      | Reached XP level 7. HP: 55/55 MP: 4/11
  3946 | D:4      | Slain by a bullfrog zombie

Skill      XL: |  1  2  3  4  5  6 |
---------------+-------------------+-----
Spellcasting   | 2 3 |  3.9
Stealth        | 3 |  3.1
Necromancy     | 5 6 |  6.4
Dodging        | 2 |  2.4
Fighting       | 1 2 |  2.0
Staves         | 1 |  1.1
Unarmed Combat | |  0.2

Action                   |  1- 3 |  4- 6 |  7- 9 || total
-------------------------+-------+-------+-------++-------
Melee: Unarmed           |    64 |     3 |    26 ||    93
       Staff             |       |    92 |       ||    92
 Fire: Hunting sling     |       |     1 |       ||     1
 Cast: Pain              |    50 |    82 |     1 ||   133
       Animate Skeleton  |    15 |    21 |       ||    36
       Vampiric Draining |     3 |     1 |       ||     4
       Animate Dead      |       |     3 |     1 ||     4
  Use: Scroll            |     9 |     5 |       ||    14
       Potion            |     1 |       |       ||     1
  Eat: Chunk             |    11 |    17 |       ||    28
Armor: Robe              |    14 |    36 |     7 ||    57
Dodge: Dodged            |    73 |   104 |    14 ||   191
